 Dungeon Crawl Stone Soup version 0.26-a0-1181-gd376ed14c5 (webtiles) character file.

Game seed: 10179067704774019825

584 Azzok the Chopper (level 7, -6/84 HPs)
             Began as a Demonspawn Berserker on Dec 26, 2020.
             Was a Priest of Trog.
             Mangled by an ogre
             ... wielding a +0 giant club
              (16 damage)
             ... on level 5 of the Dungeon.
             The game lasted 00:04:58 (3852 turns).

Azzok the Chopper (Demonspawn Berserker)            Turns: 3852, Time: 00:04:59

Health: -6/84      AC: 18    Str: 19    XL:     7   Next: 14%
Magic:  7/7        EV:  6    Int:  9    God:    Trog [***...]
Gold:   236        SH:  0    Dex: 12    Spells: 6/6 levels left

rFire    + . .     SeeInvis .   u - +0 war axe (elec)
rCold    . . .     Faith    .   (no shield)
rNeg     . . .     Spirit   .   t - +0 plate armour (curse)
rPois    .         Reflect  .   x - +2 hat
rElec    .         Harm     .   k - +2 cloak
rCorr    .         Rampage  .   v - +0 pair of gloves
Will     +....                  (no boots)
Stlth    ..........             (no amulet)
HPRegen  0.24/turn              d - ring of protection from fire
MPRegen  0.10/turn              n - ring of willpower

@: berserking, very quick
A: horns 1, powered by death 1, miasma immunity
a: Renounce Religion, Berserk, Trog's Hand


You were on level 5 of the Dungeon.
You worshipped Trog.
Trog was most pleased with you.
You visited 1 branch of the dungeon, and saw 5 of its levels.

You collected 236 gold pieces.

Inventory:

Hand Weapons
 a - a +0 hand axe
 u - a +0 war axe of electrocution (weapon)
Armour
 k - a +2 cloak (worn)
 t - a cursed +0 plate armour (worn)
 v - a +0 pair of gloves (worn)
 x - a +2 hat (worn)
Jewellery
 d - a ring of protection from fire (left hand)
 e - an uncursed ring of protection from fire
 n - a ring of willpower (right hand)
Scrolls
 b - 2 scrolls of amnesia {unknown}
 f - 4 scrolls of enchant armour {unknown}
 g - a scroll of remove curse {unknown}
 h - 10 scrolls of identify {unknown}
 i - a scroll of fear {unknown}
 j - 2 scrolls of magic mapping {unknown}
 m - a scroll of teleportation {unknown}
 r - a scroll of immolation {unknown}
 y - a scroll of vulnerability {unknown}
 z - a scroll of random uselessness {unknown}
Potions
 c - 4 potions of attraction {unknown}
 l - a potion of mutation {unknown}
 o - 2 potions of flight {unknown}
 p - 3 potions of haste {unknown}
 q - a potion of curing {unknown}
 s - 3 potions of lignification {unknown}
 w - a potion of brilliance {unknown}


   Skills:
 + Level 5.0 Fighting
 + Level 5.4 Axes
 + Level 4.0 Armour
 - Level 1.7 Dodging


You had 6 spell levels left.
You didn't know any spells.
Your spell library was empty.

Dungeon Overview and Level Annotations

Branches:
Dungeon (5/15)
 Temple: D:4-7

Altars:
Fedhas

Annotations:
D:2 exclusion: oklob plant


Innate Abilities, Weirdness & Mutations

You have a pair of small horns on your head.
You regenerate a little health from kills.
You are immune to miasma.


Message History

The puff of frost hits you but does no damage.
The ogre hits you with a +0 giant club!
You hit the ogre but do no damage. Your headbutt misses the ogre.
The ogre is severely wounded.
You hit the white imp but do no damage.
The white imp hits you but does no damage.
The ogre hits you with a +0 giant club!
* * * LOW HITPOINT WARNING * * *
You hit the ogre. You headbutt the ogre.
The ogre is almost dead.
You closely miss the white imp. The white imp completely misses you.
The ogre completely misses you. The white imp gestures at you.
The puff of frost hits you!
* * * LOW HITPOINT WARNING * * *
A red film seems to cover your vision as you go berserk!
You feel yourself moving faster!
You feel mighty!
The white imp hits you but does no damage.
The ogre hits you with a +0 giant club!
You die...

▒····▒····▒·▒·▒▒▒▒·▒·▒··
▒▒▒▒▒··········▒·▒▒··▒▒·▒···
················▒▒····▒▒····
···▒▒····▒······)···········
▒▒·······················
···············▒▒· ··▒▒····
··············▒·▒ ·▒▒·▒···
·········▒····▒·▒·▒▒▒▒·▒·▒··
▒▒▒▒▒····▒·@··▒▒· ····▒·▒▒··
▒▒▒▒▒▒5Ol▒·▒ ······▒▒·▒·
▒··▒·▒··········▒·▒
▒··▒▒············▒▒ ▒·▒·
·············· ╬· ·
············· ▒· ·
····▒······▒· ▒· ··
···▒······▒· ▒·····▒▒·


You could see an ogre, an iguana and a white imp.

Vanquished Creatures
  2 ogres
  A howler monkey (D:5)
  A hound (D:4)
  4 orc wizards
  2 worker ants (D:4)
  4 gnolls (D:3)
  2 adders
  A white imp (D:5)
  2 oozes
  3 adder skeletons
  3 worms (D:3)
  3 dart slugs
  2 leopard geckos
  18 orcs
  2 ball pythons
  5 bats
  6 giant cockroaches
  3 hobgoblins
  4 jackals (D:5)
  2 quokkas
  3 frilled lizards
  6 goblins
  6 kobolds
  A leopard gecko skeleton (D:3)
  8 rats
94 creatures vanquished.

Vanquished Creatures (others)
  17 toadstools (D:2)
17 creatures vanquished.

Grand Total: 111 creatures vanquished

Notes
Turn   | Place    | Note
-------+----------+-------------------------------------------
     0 | D:1      | Azzok the Demonspawn Berserker began the quest for the Orb.
     0 | D:1      | Reached XP level 1. HP: 18/18 MP: 1/1
   238 | D:1      | Gained mutation: You regenerate a little health from kills.
                  | [demonic ancestry]
   238 | D:1      | Reached XP level 2. HP: 16/24 MP: 2/2
   819 | D:2      | Reached XP level 3. HP: 29/29 MP: 3/3
   911 | D:2      | Reached ** piety under Trog
  1140 | D:2      | Found a blossoming altar of Fedhas.
  1159 | D:2      | Noticed an oklob plant
  1459 | D:3      | Gained mutation: You have a pair of small horns on your
                  | head. [demonic ancestry]
  1459 | D:3      | Reached XP level 4. HP: 23/35 MP: 4/4
  1884 | D:3      | Reached XP level 5. HP: 38/41 MP: 5/5
  2366 | D:4      | Reached *** piety under Trog
  2661 | D:4      | Reached XP level 6. HP: 48/48 MP: 6/6
  2918 | D:4      | Reached skill level 5 in Axes
  3367 | D:5      | Entered Level 5 of the Dungeon
  3585 | D:5      | Reached skill level 5 in Fighting
  3585 | D:5      | Gained mutation: You are immune to miasma. [demonic
                  | ancestry]
  3585 | D:5      | Reached XP level 7. HP: 14/56 MP: 7/7
  3852 | D:5      | Mangled by an ogre

Illustrated notes

Levels and vault maps discovered:
D:1:      roderic_chinese_lattice_arrival, layout_loops_cross
D:2:      layout_loops_ring, tgw_fedhas
D:3:      layout_loops_ring
D:4:      layout_loops_corners
D:5:      layout_gridville, kennysheep_little_box,
          minmay_misc_feat_secret_circle

Skill      XL: |  1  2  3  4  5  6 |
---------------+-------------------+-----
Axes           | 3 4 5 |  5.4
Armour         | 2 3 4 |  4.0
Fighting       | 4 5 |  5.0
Dodging        | |  1.7

Action                   |  1- 3 |  4- 6 |  7- 9 || total
-------------------------+-------+-------+-------++-------
Melee: Hand axe          |    91 |   113 |       ||   204
       Headbutt          |       |    27 |     1 ||    28
       War axe           |       |    66 |     6 ||    72
Invok: Berserk           |     2 |     1 |     1 ||     4
Armor: Chain mail        |    84 |    50 |       ||   134
       Plate armour      |       |   101 |     5 ||   106
Dodge: Dodged            |    51 |    57 |     3 ||   111

Table legend: (Time is in decaauts)
 A = Elapsed time spent in this place.
 B = Non-inter-level travel time spent in this place.
 C = Inter-level travel time spent in this place.
 D = Time resting spent in this place.
 E = Time spent auto-exploring this place.
 F = Levels seen in this place.
 G = Mean time per level.
                   A        B        C        D        E       F      G
               +--------+--------+--------+--------+--------+-----+--------+
         Total |   3918 |   3706 |    212 |    163 |   2828 |   5 |  783.6 |
       Dungeon |   3918 |   3706 |    212 |    163 |   2828 |   5 |  783.6 |
               +--------+--------+--------+--------+--------+-----+--------+

Top non-repeatable levels by time:
     D:4: 1075 daAuts
     D:3: 887 daAuts
     D:1: 822 daAuts
     D:2: 640 daAuts
     D:5: 491 daAuts
